 Dungeon Crawl Stone Soup version 0.30.0-19-g36f170ea60 (webtiles) character file.

Game seed: 11242597052767524722

119 FishyPogo the Cutter (level 5, -1/47 HPs)
             Began as a Gnoll Cinder Acolyte on May 30, 2023.
             Was a High Priest of Ignis.
             Killed by divine providence
             ... invoked by an orc priest
              (13 damage)
             ... on level 3 of the Dungeon.
             The game lasted 00:12:53 (1719 turns).

FishyPogo the Cutter (Gnoll Cinder Acolyte)         Turns: 1719, Time: 00:12:54

Health: -1/47      AC:  2    Str: 14    XL:     5   Next: 3%
Magic:  1/9        EV: 11    Int: 13    God:    Ignis [*****.]
Gold:   28         SH:  0    Dex:  9    Spells: 8/10 levels left

rFire   + . .        a - -1 short sword (flame)
rCold   . . .        (no shield)
rNeg    . . .        b - +0 robe
rPois   .            (no helmet)
rElec   .            (no cloak)
rCorr   .            (no gloves)
SInv    .            (no boots)
Will    .....        (no amulet)
Stlth   +            (no ring)
HPRegen 0.27/turn    (no ring)
MPRegen 0.11/turn

%: no passive effects
@: no status effects
A: fangs 1, strong nose, distributed training
a: Renounce Religion, Fiery Armour, Foxfire Swarm, Rising Flame


You were on level 3 of the Dungeon.
You worshipped Ignis.
Ignis was extremely pleased with you.
You visited 1 branch of the dungeon, and saw 3 of its levels.

You collected 58 gold pieces.
You spent 30 gold pieces at shops.

Inventory:

Hand Weapons
 a - a -1 short sword of flaming (weapon)
Missiles
 c - 10 stones (quivered)
 l - 3 poisoned darts
Armour
 b - a +0 robe (worn)
 m - a +2 robe of willpower
Scrolls
 f - 2 scrolls of teleportation
 g - 2 scrolls of identify
 k - a scroll of noise
Potions
 d - a potion of cancellation {unknown}
 e - 3 potions of haste
 h - a potion of heal wounds {unknown}
 i - a potion of curing {unknown}
 j - a potion of flight {unknown}


   Skills:
 + Level 6.6 Fighting
 + Level 6.6 Short Blades
 + Level 1.4 Long Blades
 + Level 1.4 Axes
 + Level 1.4 Maces & Flails
 + Level 1.4 Polearms
 + Level 1.4 Staves
 + Level 1.4 Ranged Weapons
 + Level 1.4 Throwing
 + Level 1.4 Armour
 + Level 1.4 Dodging
 + Level 1.4 Stealth
 + Level 1.4 Shields
 + Level 1.4 Unarmed Combat
 + Level 3.1 Spellcasting
 + Level 1.1 Conjurations
 + Level 1.1 Hexes
 + Level 1.1 Summonings
 + Level 1.1 Necromancy
 + Level 1.1 Translocations
 + Level 1.1 Transmutations
 + Level 5.5 Fire Magic
 + Level 1.1 Ice Magic
 + Level 1.1 Air Magic
 + Level 1.1 Earth Magic
 + Level 1.1 Poison Magic
 + Level 1.5 Invocations
 + Level 1.4 Evocations


You had 8 spell levels left.
You knew the following spells:

 Your Spells              Type           Power      Damage    Failure   Level
a - Scorch                Fire           32%        2d6       3%          2

Your spell library contained the following spells:

 Spells                   Type           Power      Damage    Failure   Level


Dungeon Overview and Level Annotations

Branches:
Dungeon (3/15)

Altars:
Dithmenos

Shops:
D:2 ?


Innate Abilities, Weirdness & Mutations

You have very sharp teeth.
Your uncanny sense of smell can sniff out nearby items.
Your experience applies equally to all skills.


Message History

The orc attacks as you move away! The orc hits you but does no damage.
The bat hits you.
The orc priest looks braver for a moment.
The bat barely misses you.
As you read the scroll labelled CENICI ZEMIRR, it crumbles to dust.
It is a scroll of identify.
e - 3 potions of haste The bat closely misses you. x2; The bat hits you but does no damage.
The orc closely misses you.
As you read the scroll labelled HASUUBL IXORR, it crumbles to dust.
You hear a loud clanging noise!
It was a scroll of noise.
You hear a shout!
You hear an angry hiss.
You hear a shout!
You hear an angry hiss.
You hear a shout!
The bat barely misses you. The bat misses you. The bat hits you.
The orc priest looks braver for a moment.
The orc closely misses you.
As you read the scroll of teleportation, it crumbles to dust.
You feel strangely unstable. The bat hits you but does no damage.
The bat barely misses you. The bat hits you.
Your magical contamination has completely faded away.
Unknown command.
The bat barely misses you.
The orc priest calls down the wrath of Beogh upon you.
Beogh smites you! The orc hits you but does no damage.
The orc priest looks satisfied for a moment.
The bat barely misses you.
You hit the bat. You burn the bat.
You kill the bat!
The orc priest mumbles some strange prayers to Beogh against you.
Beogh smites you!
* * * LOW HITPOINT WARNING * * *
The bat closely misses you.
Unknown command.
You closely miss the bat. You bite the bat, but do no damage.
Your surroundings suddenly seem different.
Found a stone staircase leading up.
The orc priest calls down the wrath of Beogh upon you.
Beogh smites you!
You die...

#.......)#....).#
###.#####.#†..#### #.
#.....##### ###.
######.....)..<†
####..$##o......#...###†
#.......o.#####...### #
#.....(.bg# #.>..##
#....)....##...###
#......@...<.#.
#..........##..
#....[....## #.........#
..........# ..........#
.#####..... ###....


You could see an orc priest, an orc, a goblin and a bat.

Vanquished Creatures
  Jessica (D:2)
  2 adders (D:2)
  An ufetubus (D:3)
  A dart slug (D:2)
  An orc (D:3)
  6 ball pythons
  8 endoplasms
  2 giant cockroaches (D:1)
  4 goblins (D:1)
  9 hobgoblins
  3 jackals (D:3)
  5 quokkas
  7 bats
  5 kobolds
  4 rats
59 creatures vanquished.

Notes
Turn   | Place    | Note
-------+----------+-------------------------------------------
     0 | D:1      | FishyPogo the Gnoll Cinder Acolyte began the quest for the
                  | Orb.
     0 | D:1      | Reached XP level 1. HP: 23/23 MP: 4/4
   117 | D:1      | Reached XP level 2. HP: 29/29 MP: 5/5
   120 | D:1      | Learned a level 2 spell: Scorch
   484 | D:1      | Reached XP level 3. HP: 34/35 MP: 1/7
   664 | D:1      | Reached skill level 1 in Invocations
   859 | D:2      | Found a shadowy altar of Dithmenos.
  1000 | D:2      | Reached skill level 1 in Long Blades
  1000 | D:2      | Reached skill level 1 in Axes
  1000 | D:2      | Reached skill level 1 in Maces & Flails
  1000 | D:2      | Reached skill level 1 in Polearms
  1000 | D:2      | Reached skill level 1 in Staves
  1000 | D:2      | Reached skill level 1 in Ranged Weapons
  1000 | D:2      | Reached skill level 1 in Throwing
  1000 | D:2      | Reached skill level 1 in Armour
  1000 | D:2      | Reached skill level 1 in Dodging
  1000 | D:2      | Reached skill level 1 in Stealth
  1000 | D:2      | Reached skill level 1 in Shields
  1000 | D:2      | Reached skill level 1 in Unarmed Combat
  1000 | D:2      | Reached skill level 1 in Evocations
  1300 | D:2      | Reached XP level 4. HP: 41/41 MP: 3/8
  1339 | D:2      | Found Zuej's Magic Scroll Shoppe.
  1351 | D:2      | Bought a scroll of teleportation for 30 gold pieces
  1444 | D:2      | Noticed Jessica
  1447 | D:2      | Killed Jessica
  1448 | D:2      | Reached skill level 1 in Conjurations
  1448 | D:2      | Reached skill level 1 in Hexes
  1448 | D:2      | Reached skill level 1 in Summonings
  1448 | D:2      | Reached skill level 1 in Necromancy
  1448 | D:2      | Reached skill level 1 in Translocations
  1448 | D:2      | Reached skill level 1 in Transmutations
  1448 | D:2      | Reached skill level 1 in Ice Magic
  1448 | D:2      | Reached skill level 1 in Air Magic
  1448 | D:2      | Reached skill level 1 in Earth Magic
  1448 | D:2      | Reached skill level 1 in Poison Magic
  1705 | D:3      | Reached XP level 5. HP: 47/47 MP: 6/9
  1719 | D:3      | Killed from afar by an orc priest

Illustrated notes

Levels and vault maps discovered:
D:1:      wander_arrival_peaceful_grave, layout_loops_ring,
          kennysheep_nondescript, st_stairs_11
D:2:      layout_basic, serial_shops, shop_scrolls, basic_altar, uniq_jessica
D:3:      layout_rooms, demons_altar, portal_sewer_entry_e,
          minmay_misc_feat_doors, minmay_statues_item

Skill      XL: |  1  2  3  4 |
---------------+-------------+-----
Invocations    | 1 |  1.5
Long Blades    | 1 |  1.4
Axes           | 1 |  1.4
Maces & Flails | 1 |  1.4
Polearms       | 1 |  1.4
Staves         | 1 |  1.4
Ranged Weapons | 1 |  1.4
Throwing       | 1 |  1.4
Armour         | 1 |  1.4
Dodging        | 1 |  1.4
Stealth        | 1 |  1.4
Shields        | 1 |  1.4
Unarmed Combat | 1 |  1.4
Evocations     | 1 |  1.4
Spellcasting   | 3 |  3.1
Conjurations   | 1 |  1.1
Hexes          | 1 |  1.1
Summonings     | 1 |  1.1
Necromancy     | 1 |  1.1
Translocations | 1 |  1.1
Transmutations | 1 |  1.1
Ice Magic      | 1 |  1.1
Air Magic      | 1 |  1.1
Earth Magic    | 1 |  1.1
Poison Magic   | 1 |  1.1
Fighting       | |  6.6
Short Blades   | |  6.6
Fire Magic     | |  5.5

Action                     |  1- 3 |  4- 6 || total
---------------------------+-------+-------++-------
  Melee: Short sword       |    94 |    23 ||   117
         Bite              |    11 |     4 ||    15
  Throw: Stone             |     1 |       ||     1
   Cast: Scorch            |    28 |    14 ||    42
    Use: Scroll            |       |     3 ||     3
 Armour: Robe              |     9 |    12 ||    21
  Dodge: Dodged            |    36 |    25 ||    61
